| TOP OF THE 1ST |
|
Visalia Mets batting - Pitching for Salinas Fire Frogs : RHP Francis Reilly
|
|
Pitching: RHP Francis Reilly
|
|
|
Batting: RHB Danny Ainge
|
0-0: Ground out 6-3 (Groundball, 6M, EV 80.0 MPH)
|
|
Batting: SHB David Navarro
|
0-0: Called Strike 0-1: Ball 1-1: Foul Ball, location: 2F 1-2: Ground out U3 (Groundball, 3L, EV 80.0 MPH)
|
|
Batting: LHB Huey Gayden
|
0-0: Ball 1-0: Called Strike 1-1: Ball 2-1: Ball 3-1: Base on Balls
|
|
Batting: LHB Pete Dalena
|
0-0: Ground out 4-3 (Groundball, 34, EV 86.3 MPH)
|
| Top of the 1st over - 0 runs, 0 hits, 0 errors, 1 left on base; Visalia 0 - Salinas 0 |
| BOTTOM OF THE 1ST |
|
Salinas Fire Frogs batting - Pitching for Visalia Mets : LHP Tom Bolton
|
|
Pitching: LHP Tom Bolton
|
|
|
Batting: RHB Bobby Morin
|
0-0: Foul Ball, location: 2F 0-1: Swinging Strike 0-2: Ball 1-2: Ground out 4-3 (Groundball, 4, EV 91.3 MPH)
|
|
Batting: LHB Kent Keiser
|
0-0: Ball 1-0: Fly out, F7 (Flyball, 7LS, EV 91.3 MPH)
|
|
Batting: RHB Kevin Mitchell
|
0-0: Ball 1-0: Called Strike 1-1: Swinging Strike 1-2: Foul Ball, location: 2F 1-2: Ball 2-2: Strikes out swinging
|
| Bottom of the 1st over - 0 runs, 0 hits, 0 errors, 0 left on base; Visalia 0 - Salinas 0 |
| TOP OF THE 2ND |
|
Visalia Mets batting - Pitching for Salinas Fire Frogs : RHP Francis Reilly
|
|
Batting: RHB Ed Sedar
|
0-0: Ball 1-0: Called Strike 1-1: Swinging Strike 1-2: Strikes out looking
|
|
Batting: RHB Gabriel de la Sancha
|
0-0: Fly out, F9 (Line Drive, 9, EV 87.5 MPH)
|
|
Batting: RHB Mitchell Ashmore
|
0-0: Foul Ball, location: 2F 0-1: Ball 1-1: Foul Ball, location: 2F 1-2: Ball 2-2: Foul Ball, location: 2F 2-2: Foul Ball, location: 2F 2-2: DOUBLE (Flyball, 78XD, EV 92.5 MPH)
|
|
Batting: SHB Marcos Gomez
|
0-0: Called Strike 0-1: Ball 1-1: TRIPLE (Flyball, 89XD, EV 95.6 MPH) Mitchell Ashmore scores
|
|
Batting: RHB Eddie Dennis
|
0-0: Ball 1-0: Ball 2-0: Called Strike 2-1: SINGLE (Groundball, 4MD, EV 103.8 MPH) Marcos Gomez scores
|
|
Batting: RHB Danny Ainge
|
0-0: Ball Eddie Dennis steals 2nd base (no throw) 1-0: Called Strike 1-1: Foul Ball, location: 2F 1-2: Ball 2-2: Ball 3-2: Foul Ball, location: 2F 3-2: Strikes out swinging
|
| Top of the 2nd over - 2 runs, 3 hits, 0 errors, 1 left on base; Visalia 2 - Salinas 0 |
| BOTTOM OF THE 2ND |
|
Salinas Fire Frogs batting - Pitching for Visalia Mets : LHP Tom Bolton
|
|
Batting: RHB Jason Felice
|
0-0: Ball 1-0: Ball 2-0: Called Strike 2-1: Fly out, F9 (Line Drive, 9, EV 91.9 MPH)
|
|
Batting: RHB Bruce Morrison
|
0-0: Ball 1-0: Swinging Strike 1-1: Ball 2-1: Ball 3-1: Fly out, F9 (Flyball, 9LM, EV 88.8 MPH)
|
|
Batting: RHB Carlos Urias
|
0-0: Foul Ball, location: 2F 0-1: Swinging Strike 0-2: Ground out 1-3 (Groundball, P, EV 66.9 MPH)
|
| Bottom of the 2nd over - 0 runs, 0 hits, 0 errors, 0 left on base; Visalia 2 - Salinas 0 |
| TOP OF THE 3RD |
|
Visalia Mets batting - Pitching for Salinas Fire Frogs : RHP Francis Reilly
|
|
Batting: SHB David Navarro
|
0-0: Called Strike 0-1: SINGLE (Groundball, 4D, EV 95.6 MPH)
|
|
Batting: LHB Huey Gayden
|
0-0: Ball 1-0: Ball 2-0: Ball 3-0: Called Strike 3-1: Base on Balls David Navarro to second
|
|
Batting: LHB Pete Dalena
|
0-0: Ball 1-0: Called Strike 1-1: Called Strike 1-2: Ball 2-2: Foul Ball, location: 2F 2-2: Foul Ball, location: 2F 2-2: Fly out, F8 (Line Drive, 8RM, EV 108.8 MPH)
|
|
Batting: RHB Ed Sedar
|
0-0: Called Strike 0-1: Ball 1-1: Foul Ball, location: 2F 1-2: Ball 2-2: Foul Ball, location: 2F 2-2: Foul Ball, location: 2F 2-2: Strikes out swinging
|
|
Batting: RHB Gabriel de la Sancha
|
0-0: Ball 1-0: Ball 2-0: Called Strike 2-1: SINGLE (Flyball, 6D, EV 88.1 MPH) David Navarro to third Huey Gayden to second Runner from 3rd tries for Home, SAFE, throw by CF to home
|
|
Batting: RHB Mitchell Ashmore
|
0-0: Ball 1-0: Ball 2-0: Called Strike 2-1: Foul Ball, location: 2F 2-2: Foul Ball, location: 2F 2-2: Ball 3-2: SINGLE (Groundball, 56D, EV 104.4 MPH) Huey Gayden to third Gabriel de la Sancha to second Huey Gayden scores Gabriel de la Sancha to third
|
|
Batting: SHB Marcos Gomez
|
0-0: Ball 1-0: Ball 2-0: Ball 3-0: Called Strike 3-1: Foul Ball, location: 2F 3-2: Fly out, F8 (Flyball, 8LM, EV 92.5 MPH)
|
| Top of the 3rd over - 2 runs, 3 hits, 0 errors, 2 left on base; Visalia 4 - Salinas 0 |
| BOTTOM OF THE 3RD |
|
Salinas Fire Frogs batting - Pitching for Visalia Mets : LHP Tom Bolton
|
|
Batting: RHB Jordan Chavez
|
0-0: Ball 1-0: Ball 2-0: Ball 3-0: Called Strike 3-1: Swinging Strike 3-2: Fly out, F8 (Flyball, 89M, EV 88.1 MPH)
|
|
Batting: LHB Charles McGehee
|
0-0: Called Strike 0-1: Fly out, F7 (Flyball, 7D, EV 98.1 MPH)
|
|
Batting: RHB Therron Harper
|
0-0: Ball 1-0: Ball 2-0: SINGLE (Line Drive, 5D, EV 110.0 MPH)
|
|
Batting: RHB Bobby Morin
|
0-0: Called Strike Therron Harper steals 2nd base 0-1: Called Strike 0-2: Fly out, F8 (Flyball, 8RM, EV 76.9 MPH)
|
| Bottom of the 3rd over - 0 runs, 1 hit, 0 errors, 1 left on base; Visalia 4 - Salinas 0 |
| TOP OF THE 4TH |
|
Visalia Mets batting - Pitching for Salinas Fire Frogs : RHP Francis Reilly
|
|
Batting: RHB Eddie Dennis
|
0-0: Ground out 6-3 (Groundball, 6, EV 85.0 MPH)
|
|
Batting: RHB Danny Ainge
|
0-0: Called Strike 0-1: Ball 1-1: SINGLE (Groundball, 56D, EV 99.4 MPH)
|
|
Batting: SHB David Navarro
|
0-0: Foul Ball, location: 2F 0-1: Ball 1-1: SINGLE (Groundball, 56D, EV 95.0 MPH) Danny Ainge to second
|
|
Batting: LHB Huey Gayden
|
0-0: Called Strike 0-1: Fly out, F9 (Flyball, 89M, EV 90.6 MPH)
|
|
Batting: LHB Pete Dalena
|
0-0: Ball 1-0: Ground out U3 (Groundball, 23, EV 84.4 MPH)
|
| Top of the 4th over - 0 runs, 2 hits, 0 errors, 2 left on base; Visalia 4 - Salinas 0 |
| BOTTOM OF THE 4TH |
|
Salinas Fire Frogs batting - Pitching for Visalia Mets : LHP Tom Bolton
|
|
Batting: LHB Kent Keiser
|
0-0: Ball 1-0: Foul Ball, location: 2F 1-1: Ball 2-1: SINGLE (Groundball, 34D, EV 93.8 MPH)
|
|
Batting: RHB Kevin Mitchell
|
0-0: Foul Ball, location: 2F 0-1: Ball 1-1: Ball 2-1: DOUBLE (Line Drive, 89D, EV 106.9 MPH) Kent Keiser to third
|
|
Batting: RHB Jason Felice
|
0-0: Foul Ball, location: 2F 0-1: Foul Ball, location: 2F 0-2: Foul Ball, location: 2F 0-2: Ball 1-2: Foul Ball, location: 2F 1-2: Ball 2-2: Fly out, F8 (Flyball, 8RD, EV 110.6 MPH) Runner from 3rd tags up, SCORES, no throw by CF
|
|
Batting: RHB Bruce Morrison
|
0-0: Ball 1-0: Ball 2-0: Ball 3-0: Base on Balls
|
|
Batting: RHB Carlos Urias
|
0-0: Called Strike 0-1: SINGLE (Line Drive, 3D, EV 104.4 MPH) Kevin Mitchell to third Bruce Morrison to second
|
|
Batting: RHB Jordan Chavez
|
0-0: Ball 1-0: Ball 2-0: Called Strike 2-1: Grounds into fielders choice 5-2 (Groundball, 25, EV 69.4 MPH) Bruce Morrison to third Carlos Urias to second
|
|
Batting: LHB Charles McGehee
|
0-0: Ball 1-0: Foul Ball, location: 2F 1-1: Called Strike 1-2: Ball 2-2: Ground out 2-3 (Groundball, 15S, EV 68.1 MPH)
|
| Bottom of the 4th over - 1 run, 3 hits, 0 errors, 3 left on base; Visalia 4 - Salinas 1 |
| TOP OF THE 5TH |
|
Visalia Mets batting - Pitching for Salinas Fire Frogs : RHP Francis Reilly
|
|
Batting: RHB Ed Sedar
|
0-0: Ball 1-0: Called Strike 1-1: Foul Ball, location: 2F 1-2: Fly out, F8 (Flyball, 8RD, EV 91.3 MPH)
|
|
Batting: RHB Gabriel de la Sancha
|
0-0: Ball 1-0: Swinging Strike 1-1: Reached on error, E6 (Groundball, 6, EV 80.0 MPH)
|
|
Batting: RHB Mitchell Ashmore
|
0-0: Ball 1-0: Ball 2-0: Called Strike 2-1: Ground out 5-3 (Groundball, 6S, EV 65.0 MPH) Gabriel de la Sancha to second
|
|
Batting: SHB Marcos Gomez
|
0-0: Foul Ball, location: 2F 0-1: Ball 1-1: Ball 2-1: Ball 3-1: Called Strike 3-2: Foul Ball, location: 2F 3-2: Reached on error, E6 (Groundball, 6, EV 91.3 MPH) Gabriel de la Sancha to third
|
|
Pitching: RHP Thomas Schneider
|
|
|
Batting: RHB Eddie Dennis
|
0-0: SINGLE (Groundball, 56D, EV 98.1 MPH) Gabriel de la Sancha scores Marcos Gomez to second
|
|
Batting: RHB Danny Ainge
|
0-0: Ball 1-0: Ball 2-0: Ball 3-0: Called Strike 3-1: Fly out, F8 (Line Drive, 8LM, EV 93.8 MPH)
|
| Top of the 5th over - 1 run, 1 hit, 2 errors, 2 left on base; Visalia 5 - Salinas 1 |
| BOTTOM OF THE 5TH |
|
Salinas Fire Frogs batting - Pitching for Visalia Mets : LHP Tom Bolton
|
|
Batting: RHB Therron Harper
|
0-0: Ball 1-0: Ground out 6-3 (Groundball, 56, EV 86.3 MPH)
|
|
Batting: RHB Bobby Morin
|
0-0: Called Strike 0-1: Ball 1-1: Swinging Strike 1-2: SINGLE (Line Drive, 7S, EV 98.8 MPH)
|
|
Batting: LHB Kent Keiser
|
0-0: Called Strike Bobby Morin steals 2nd base 0-1: Ball 1-1: Foul Ball, location: 2F 1-2: Ball 2-2: Ground out 4-3 (Groundball, 34, EV 81.3 MPH) Bobby Morin to third
|
|
Pitching: RHP Mike Ferguson
|
|
|
Batting: RHB Kevin Mitchell
|
0-0: Ball 1-0: Ball 2-0: Foul Ball, location: 2F 2-1: Ball 3-1: 2-RUN HOME RUN (Flyball, 78XD, EV 108.8 MPH), Distance : 430 ft
|
|
Batting: RHB Jason Felice
|
0-0: Called Strike 0-1: Ball 1-1: Foul Ball, location: 2F 1-2: Ball 2-2: Strikes out swinging
|
| Bottom of the 5th over - 2 runs, 2 hits, 0 errors, 0 left on base; Visalia 5 - Salinas 3 |
| TOP OF THE 6TH |
|
Visalia Mets batting - Pitching for Salinas Fire Frogs : RHP Thomas Schneider
|
|
Batting: SHB David Navarro
|
0-0: Ground out 4-3 (Groundball, 34D, EV 83.1 MPH)
|
|
Batting: LHB Huey Gayden
|
0-0: Ball 1-0: Foul Ball, location: 2F 1-1: Ball 2-1: Swinging Strike 2-2: Ball 3-2: Base on Balls
|
|
Batting: LHB Pete Dalena
|
0-0: Grounds into double play, 4-6-3 (Groundball, 4, EV 83.1 MPH)
|
| Top of the 6th over - 0 runs, 0 hits, 0 errors, 0 left on base; Visalia 5 - Salinas 3 |
| BOTTOM OF THE 6TH |
|
Salinas Fire Frogs batting - Pitching for Visalia Mets : RHP Mike Ferguson
|
|
Batting: RHB Bruce Morrison
|
0-0: Ball 1-0: Ball 2-0: Fly out, F6 (Popup, 15S, EV 85.6 MPH)
|
|
Batting: RHB Carlos Urias
|
0-0: Ball 1-0: Foul Ball, location: 2F 1-1: Swinging Strike 1-2: Strikes out swinging
|
|
Batting: RHB Jordan Chavez
|
0-0: Swinging Strike 0-1: Ground out 4-3 (Groundball, 34, EV 102.5 MPH)
|
| Bottom of the 6th over - 0 runs, 0 hits, 0 errors, 0 left on base; Visalia 5 - Salinas 3 |
| TOP OF THE 7TH |
|
Visalia Mets batting - Pitching for Salinas Fire Frogs : RHP Thomas Schneider
|
|
Batting: RHB Ed Sedar
|
0-0: Foul Ball, location: 2F 0-1: Foul Ball, location: 2F 0-2: Ball 1-2: Ball 2-2: Foul Ball, location: 2F 2-2: Foul Ball, location: 2F 2-2: Ball 3-2: Foul Ball, location: 2F 3-2: Foul Ball, location: 2F 3-2: Base on Balls
|
|
Batting: RHB Gabriel de la Sancha
|
0-0: Ball 1-0: Ball 2-0: Ball 3-0: Called Strike 3-1: Fly out, F7 (Flyball, 7LM, EV 86.9 MPH)
|
|
Batting: RHB Mitchell Ashmore
|
0-0: Ball 1-0: Foul Ball, location: 2F 1-1: DOUBLE (Line Drive, 3D, EV 93.8 MPH) Ed Sedar to third Runner from 3rd tries for Home, SAFE, throw by RF to home
|
|
Batting: SHB Marcos Gomez
|
0-0: Intentional Walk
|
|
Batting: RHB Eddie Dennis
|
0-0: Ball 1-0: Foul Ball, location: 2F 1-1: Fly out, F8 (Flyball, 78M, EV 98.1 MPH)
|
|
Batting: RHB Danny Ainge
|
0-0: Ball 1-0: Ground out 4-3 (Groundball, 4, EV 92.5 MPH)
|
| Top of the 7th over - 1 run, 1 hit, 0 errors, 2 left on base; Visalia 6 - Salinas 3 |
| BOTTOM OF THE 7TH |
|
Salinas Fire Frogs batting - Pitching for Visalia Mets : RHP Mike Ferguson
|
|
Batting: LHB Charles McGehee
|
0-0: Ball 1-0: Fly out, F9 (Flyball, 9D, EV 93.8 MPH)
|
|
Batting: RHB Therron Harper
|
0-0: Ball 1-0: Foul Ball, location: 2F 1-1: Foul Ball, location: 2F 1-2: Ball 2-2: SINGLE (Line Drive, 89S, EV 92.5 MPH)
|
|
Batting: RHB Bobby Morin
|
0-0: Grounds into double play, 6-4-3 (Groundball, 6, EV 90.0 MPH)
|
| Bottom of the 7th over - 0 runs, 1 hit, 0 errors, 0 left on base; Visalia 6 - Salinas 3 |
| TOP OF THE 8TH |
|
Visalia Mets batting - Pitching for Salinas Fire Frogs : RHP Thomas Schneider
|
|
Batting: SHB David Navarro
|
0-0: Foul Ball, location: 2F 0-1: Ball 1-1: SINGLE (Groundball, 6M, EV 95.0 MPH)
|
|
Batting: LHB Huey Gayden
|
0-0: Hit by Pitch David Navarro to second
|
|
Pitching: RHP John Bulleri
|
|
|
Batting: LHB Pete Dalena
|
0-0: Ball 1-0: Fly out, F7 (Flyball, 78D, EV 75.0 MPH)
|
|
Batting: RHB Ed Sedar
|
0-0: Swinging Strike 0-1: Foul Ball, location: 2F 0-2: Grounds into double play, 6-4-3 (Groundball, 6, EV 96.9 MPH)
|
| Top of the 8th over - 0 runs, 1 hit, 0 errors, 1 left on base; Visalia 6 - Salinas 3 |
| BOTTOM OF THE 8TH |
|
Salinas Fire Frogs batting - Pitching for Visalia Mets : RHP Mike Ferguson
|
|
Batting: LHB Kent Keiser
|
0-0: Ball 1-0: Ball 2-0: Ball 3-0: Base on Balls
|
|
Batting: RHB Kevin Mitchell
|
0-0: Called Strike 0-1: Ball 1-1: Ball 2-1: Ball 3-1: Foul Ball, location: 2F 3-2: Base on Balls Kent Keiser to second
|
|
Batting: RHB Jason Felice
|
0-0: Swinging Strike 0-1: Ball 1-1: Foul Ball, location: 2F 1-2: Strikes out looking
|
|
Pitching: RHP Dennis Long
|
|
|
Batting: RHB Bruce Morrison
|
0-0: Foul Ball, location: 2F 0-1: Swinging Strike 0-2: Ball 1-2: Foul Ball, location: 2F 1-2: Ball 2-2: Reached on error, E6 (Groundball, 56, EV 83.8 MPH) Kent Keiser to third Kevin Mitchell to second
|
|
Batting: RHB Carlos Urias
|
0-0: Ball 1-0: SINGLE (Groundball, 3, EV 96.3 MPH) Kent Keiser scores Kevin Mitchell to third Bruce Morrison to second Runner from 3rd tries for Home, SAFE, throw by RF to home
|
|
Pinch Runner at 2nd Michael White:
|
|
|
Pinch Hitting: SHB Terry Raley
|
0-0: Called Strike 0-1: Grounds into double play, 4-6-3 (Groundball, 4, EV 85.6 MPH)
|
| Bottom of the 8th over - 2 runs, 1 hit, 1 error, 1 left on base; Visalia 6 - Salinas 5 |
| TOP OF THE 9TH |
|
Visalia Mets batting - Pitching for Salinas Fire Frogs : RHP John Bulleri
|
|
Now at 1B: Michael White
|
|
|
Now at 2B: Terry Raley
|
|
|
Batting: RHB Gabriel de la Sancha
|
0-0: Foul Ball, location: 2F 0-1: Swinging Strike 0-2: Ball 1-2: Ball 2-2: Strikes out swinging
|
|
Batting: RHB Mitchell Ashmore
|
0-0: Called Strike 0-1: Swinging Strike 0-2: Ball 1-2: Strikes out swinging
|
|
Batting: SHB Marcos Gomez
|
0-0: Called Strike 0-1: Ball 1-1: Foul Ball, location: 2F 1-2: Ball 2-2: Fly out, F8 (Flyball, 8LD, EV 95.6 MPH)
|
| Top of the 9th over - 0 runs, 0 hits, 0 errors, 0 left on base; Visalia 6 - Salinas 5 |
| BOTTOM OF THE 9TH |
|
Salinas Fire Frogs batting - Pitching for Visalia Mets : RHP Dennis Long
|
|
Batting: LHB Charles McGehee
|
0-0: Ball 1-0: DOUBLE (Flyball, 3D, EV 98.8 MPH)
|
|
Batting: RHB Therron Harper
|
0-0: Called Strike 0-1: Ball 1-1: Foul Ball, location: 2F 1-2: Fly out, F7 (Flyball, 7D, EV 91.3 MPH) Runner from 2nd tags up, SAFE at 3rd with throw by LF
|
|
Batting: RHB Bobby Morin
|
0-0: Squeeze Bunt to 23 - play home, runner OUT, batter safe! 3-2
|
|
Batting: LHB Kent Keiser
|
0-0: Ball 1-0: Ball 2-0: Ball 3-0: Called Strike 3-1: Foul Ball, location: 2F 3-2: Foul Ball, location: 2F 3-2: Foul Ball, location: 2F 3-2: Foul Ball, location: 2F 3-2: Foul Ball, location: 2F 3-2: Fly out, F7 (Line Drive, 7D, EV 91.9 MPH)
|
| Bottom of the 9th over - 0 runs, 1 hit, 0 errors, 1 left on base; Visalia 6 - Salinas 5 |
|